 Dungeon Crawl Stone Soup version 0.25-a0-647-gd602d06ee1 (webtiles) character file.

Game seed: 18177630514684551459, levelgen mode: deterministic

2236 Amnesiac the Cleaver (level 9, -1/78 HPs)
             Began as a Hill Orc Fighter on Mar 21, 2020.
             Was an Initiate of Okawaru.
             Slain by an orc warrior
             ... wielding a +0 morningstar
              (13 damage)
             ... on level 7 of the Dungeon.
             The game lasted 00:15:46 (6424 turns).

Amnesiac the Cleaver (Hill Orc Fighter)             Turns: 6424, Time: 00:15:47

Health: -1/78      AC: 13    Str: 22    XL:     9   Next: 36%
Magic:  10/10      EV: 11    Int:  8    God:    Okawaru [......]
Gold:   281        SH:  0    Dex: 10    Spells: 8/8 levels left

rFire    . . .     SeeInvis .   a - +8 rapier of Zutia {freeze, MR+}
rCold    . . .     Gourm    .   (no shield)
rNeg     . . .     Faith    .   E - +0 plate armour
rPois    +         Spirit   .   r - +0 helmet
rElec    .         Reflect  .   (no cloak)
rCorr    .         Harm     .   x - +0 pair of gloves
MR       +....                  (no boots)
Stlth    ..........             (no amulet)
HPRegen  0.23/turn              t - +4 ring of evasion
MPRegen  0.12/turn              z - ring of poison resistance

@: no status effects
A: no striking features
a: Renounce Religion


You were on level 7 of the Dungeon.
You worshipped Okawaru.
Okawaru was noncommittal.
You were not hungry.

You visited 2 branches of the dungeon, and saw 8 of its levels.

You collected 281 gold pieces.

Inventory:

Hand Weapons
 a - the +8 rapier of Zutia (weapon) {freeze, MR+}
   (You found it on level 6 of the Dungeon)

   It has been specially enchanted to freeze those struck by it, causing extra
   injury to most foes and up to half again as much damage against particularly
   susceptible opponents.
   It can also slow down cold-blooded creatures.
   It affects your resistance to hostile enchantments.
 b - a +0 longbow
 C - a +2 vorpal trident
 F - a +0 war axe
Missiles
 e - 12 boomerangs
 m - 29 poisoned darts (quivered)
Armour
 c - a +0 kite shield
 r - a +0 helmet (worn)
 x - a +0 pair of gloves (worn)
 E - a +0 plate armour (worn)
 J - a +0 pair of boots
Magical Staves
 q - an uncursed staff of summoning {unknown}
Jewellery
 p - an uncursed amulet of guardian spirit {unknown}
 t - a +4 ring of evasion (left hand)
 z - a ring of poison resistance (right hand)
Wands
 n - a wand of clouds (10)
 o - a wand of polymorph (3)
 s - a wand of acid (6)
 H - a wand of flame (12)
Scrolls
 g - 3 scrolls of fear {!r, unknown}
 l - 2 scrolls of teleportation {!r, unknown}
 v - a scroll of fog {!r, unknown}
 y - 4 scrolls of remove curse {!r, unknown}
 A - 2 scrolls of magic mapping {!r}
 D - 4 scrolls of identify {!r}
 G - a scroll of amnesia {!r, unknown}
Potions
 d - 2 potions of might {!q}
 h - a potion of flight {!q, unknown}
 i - a potion of invisibility {!q, unknown}
 j - a potion of degeneration {!q, unknown}
 k - 5 potions of curing {!q, unknown}
 u - 3 potions of haste {!q}
 w - 2 potions of heal wounds {!q}
 B - a potion of stabbing {!q}
 I - a potion of brilliance {!q, unknown}
Comestibles
 f - 13 rations


   Skills:
 - Level 6.8 Fighting
 - Level 9.3 Axes
 + Level 6.8 Bows
 - Level 3.2 Armour
 - Level 2.9 Dodging
 - Level 3.2 Shields
 - Level 1.7 Evocations


You had 8 spell levels left.
You didn't know any spells.
Your spell library contained the following spells:

 Spells                   Type           Power        Failure   Level  Hunger
 Corona                   Hex            #......      100%        1    ##.....
 Foxfire                  Conj/Fire      #...         100%        1    ##.....
 Magic Dart               Conj           #...         100%        1    ##.....
 Pain                     Necr           #...         100%        1    ##.....
 Sting                    Tmut/Pois      #...         100%        1    ##.....


Dungeon Overview and Level Annotations

Branches:
Dungeon (7/15)             Temple (1/1) D:6

Altars:
Ashenzari
Cheibriados
Dithmenos
Elyvilon
Fedhas
Gozag
Hepliaklqana
Kikubaaqudgha
Makhleb
Nemelex Xobeh
Okawaru
Qazlal
Ru
Sif Muna
Trog
Uskayaw
Vehumet
Wu Jian
Xom
Yredelemnul
Zin
The Shining One


Message History

The orc wizard blinks!
You see here a wand of acid (6).
s - a wand of acid (6)
The orc wizard gestures wildly while chanting.
The orc wizard blinks!
The jackal bites you but does no damage.
The worker ant misses you.
You hit the jackal. You freeze the jackal.
The jackal is almost dead.
The jackal bites you.
* * * LOW HITPOINT WARNING * * *
The worker ant barely misses you. The jackal closely misses you.
The worker ant bites you but does no damage.
You closely miss the jackal.
The jackal is almost dead.
The jackal barely misses you.
The worker ant bites you but does no damage.
The jackal bites you but does no damage.
You hit the jackal. You freeze the jackal.
You kill the jackal!
Okawaru accepts your kill.
The worker ant bites you but does no damage.
The orc wizard gestures wildly while chanting.
The orc wizard blinks!
You puncture the orc warrior! You freeze the orc warrior.
The orc warrior is heavily wounded.
The orc warrior barely misses you. The worker ant barely misses you.
You barely miss the orc warrior.
The orc warrior is heavily wounded.
The worker ant closely misses you. x2
The orc wizard gestures wildly while chanting.
The orc wizard blinks!
The orc warrior completely misses you.
The worker ant bites you but does no damage.
The worker ant closely misses you.
You hit the orc warrior but do no damage.
The orc warrior is heavily wounded.
The worker ant barely misses you.
The orc warrior hits you but does no damage.
The worker ant closely misses you.
You hit the orc warrior. You freeze the orc warrior.
The orc warrior is severely wounded.
The orc wizard gestures wildly while chanting.
The orc wizard blinks!
The orc wizard mumbles some strange words.
The orc wizard blinks!
The worker ant closely misses you. x2
The orc warrior closely misses you. The worker ant barely misses you.
The worker ant bites you but does no damage.
The orc warrior hits you with a +0 morningstar!!
* * * LOW HITPOINT WARNING * * *
The worker ant bites you but does no damage. x2
Unknown command.
You eat one of the 14 rations.
That ration really hit the spot!
The worker ant waves its antennae.
The worker ant bites you.
* * * LOW HITPOINT WARNING * * *
The orc wizard mumbles some strange words.
The orc wizard blinks!
The worker ant closely misses you. The orc warrior completely misses you.
You hit the orc warrior. You freeze the orc warrior.
The orc warrior is severely wounded.
The worker ant closely misses you.
The worker ant bites you but does no damage.
The orc warrior hits you with a +0 morningstar!
You die...

... #..........###
####### #....$........
#.....# #....[......#
#.....###...........##
#....@olWh......(.....
#....aas###......(..##
#.....#oo.#.........(.
#!....###.............
####### ###......(....
#.......(...
#o........()
...........((?
.##........(.#


You could see a hungry ghost, an orc warrior, a scorpion, an iguana, 2 worker
ants, an orc wizard, an orc and a jackal.

Vanquished Creatures
  Pikel (D:4)
  2 ice beasts
  2 slaves (D:4)
  A black bear (D:7)
  An orc warrior (D:6)
  2 phantoms (D:4)
  4 centaurs
  A sky beast (D:5)
  2 ogres
  A scorpion (D:5)
  2 crimson imps
  2 hounds (D:4)
  A bullfrog skeleton (D:5)
  2 orc wizards
  2 orc priests
  Ijyb (D:4)
  An iguana (D:6)
  4 worker ants
  A killer bee zombie (D:6)
  A hound zombie (D:6)
  A worker ant zombie (D:5)
  5 adders
  3 shadow imps
  2 oozes
  An adder skeleton (D:5)
  3 worms
  2 dart slugs (D:3)
  2 leopard geckos
  15 orcs
  3 ball pythons
  6 giant cockroaches
  9 hobgoblins
  17 jackals
  5 kobolds
  4 quokkas
  5 bats
  5 frilled lizards
  A goblin (D:2)
  A jackal skeleton (D:6)
  A quokka skeleton (D:3)
  4 rats
129 creatures vanquished.

Vanquished Creatures (others)
  2 slaves (D:4)
2 creatures vanquished.

Grand Total: 131 creatures vanquished

Notes
Turn   | Place    | Note
-------+----------+-------------------------------------------
     0 | D:1      | Amnesiac the Hill Orc Fighter began the quest for the Orb.
     0 | D:1      | Reached XP level 1. HP: 19/19 MP: 1/1
    31 | D:2      | Reached skill level 3 in Axes
    91 | D:2      | Reached XP level 2. HP: 27/27 MP: 2/2
   257 | D:3      | Reached XP level 3. HP: 18/33 MP: 3/3
   370 | D:3      | Reached skill level 4 in Axes
   603 | D:4      | Reached skill level 1 in Dodging
   603 | D:4      | Reached XP level 4. HP: 32/41 MP: 4/4
   630 | D:4      | Noticed Ijyb
   648 | D:4      | Killed Ijyb
   648 | D:4      | Reached skill level 5 in Axes
   675 | D:5      | Entered Level 5 of the Dungeon
   675 | D:5      | Noticed Blork the orc
   892 | D:4      | Reached XP level 5. HP: 27/47 MP: 5/5
  1000 | D:4      | Noticed a slave
  1015 | D:4      | Killed a slave
  1111 | D:4      | Noticed a phantom
  1153 | D:4      | Killed a phantom
  1153 | D:4      | Reached skill level 5 in Fighting
  1153 | D:4      | Reached skill level 6 in Axes
  1153 | D:4      | Reached XP level 6. HP: 37/56 MP: 6/6
  1246 | D:4      | Noticed a slave
  1247 | D:4      | Noticed Pikel
  1248 | D:4      | Noticed a slave
  1268 | D:4      | Noticed a slave
  1281 | D:4      | Killed Pikel
  1281 | D:4      | Reached skill level 8 in Axes
  1281 | D:4      | Reached XP level 7. HP: 48/63 MP: 7/7
  1558 | D:5      | Reached XP level 8. HP: 55/71 MP: 8/8
  1685 | D:5      | Noticed Blork
  1685 | D:5      | Blork the orc changed into Blork the centaur
  1698 | D:5      | Killed Blork the centaur
  1698 | D:5      | Reached skill level 9 in Axes
  1698 | D:5      | Reached skill level 1 in Evocations
  2460 | D:2      | Reached skill level 1 in Bows
  3482 | D:3      | Found a glowing golden altar of the Shining One.
  4380 | D:6      | Reached skill level 5 in Bows
  4380 | D:6      | Reached XP level 9. HP: 54/78 MP: 10/10
  4460 | D:6      | Got a brightly glowing rapier
  4461 | D:6      | Identified the +8 rapier of Zutia {freeze, MR+} (You found
                  | it on level 6 of the Dungeon)
  4538 | D:6      | Found a staircase to the Ecumenical Temple.
  4547 | Temple   | Entered the Ecumenical Temple
  4671 | Temple   | Became a worshipper of Warmaster Okawaru
  4913 | D:6      | Found an ancient bone altar of Kikubaaqudgha.
  5120 | D:6      | Identified Theurgy for Novices
  5193 | D:6      | Noticed a rust devil
  5193 | D:6      | Noticed a rust devil
  6424 | D:7      | Slain by an orc warrior

Levels and vault maps discovered:
D:1:      minmay_arrival_glassed_features, layout_basic, minmay_misc_feat_plants
D:2:      layout_basic, first_ration
D:3:      layout_basic, nicolae_tso_carved_into_rock
D:4:      layout_basic, uniq_pikel, uniq_ijyb
D:5:      layout_gridville, uniq_blork_the_orc
D:6:      cheibrodos_iron_armory, layout_basic, kiku_gazebo_garden_becter,
          minmay_temple_entry_sparse_star, fountainhead
D:7:      layout_rooms, nicolae_ossuary_entry_catacombs
Temple:   kilobyte_greek_temple

Skill      XL: |  1  2  3  4  5  6  7  8  9 |
---------------+----------------------------+-----
Axes           | 3 4 5 6 8 9 |  9.3
Fighting       | 4 5 6 |  6.8
Dodging        | 1 2 |  2.9
Evocations     | 1 |  1.7
Bows           | 5 6 |  6.8
Armour         | |  3.2
Shields        | |  3.2

Action                   |  1- 3 |  4- 6 |  7- 9 || total
-------------------------+-------+-------+-------++-------
Melee: War axe           |   105 |    83 |   189 ||   377
       Rapier            |       |       |    60 ||    60
 Fire: Longbow           |       |       |    73 ||    73
Throw: Dart              |       |    23 |     2 ||    25
       Boomerang         |       |     1 |    11 ||    12
Evoke: Wand              |       |       |     2 ||     2
  Use: Potion            |     1 |       |       ||     1
       Scroll            |       |       |     5 ||     5
  Eat: Chunk             |       |     2 |    11 ||    13
       Ration            |       |       |     2 ||     2
Armor: Scale mail        |     6 |       |       ||     6
       Chain mail        |    66 |    32 |    66 ||   164
       Skin              |       |     6 |       ||     6
       Plate armour      |       |       |   108 ||   108
Dodge: Dodged            |    27 |    15 |   188 ||   230
Block: Kite shield       |    54 |    34 |    57 ||   145

Table legend:
 A = Non-vault XP
 B = Vault XP
 C = Vault XP percentage of total XP
 D = Non-vault monster count
 E = Vault monster count
 F = Vault count percentage of total count
                 A         B        C        D         E       F
            +---------+---------+-------+---------+---------+-------
      Total |    2433 |     762 |  23.8 |     124 |       3 |   2.4
            +---------+---------+-------+---------+---------+-------
        D:1 |      26 |       0 |   0.0 |      16 |       0 |   0.0
        D:2 |     153 |       0 |   0.0 |      24 |       0 |   0.0
        D:3 |      63 |       0 |   0.0 |      25 |       0 |   0.0
        D:4 |     452 |     643 |  58.7 |      15 |       2 |  11.8
        D:5 |     794 |     119 |  13.0 |      19 |       1 |   5.0
        D:6 |     535 |       0 |   0.0 |      13 |       0 |   0.0
        D:7 |     410 |       0 |   0.0 |      12 |       0 |   0.0
            +---------+---------+-------+---------+---------+-------
